 Dungeon Crawl Stone Soup version 0.31-a0-965-g8a8ce12e04 (webtiles) character file.

Game seed: 15681379363067326932

15 Ahpoh the Changeling (level 2, 18/18 HPs)
             Began as an Octopode Shapeshifter on Oct 26, 2023.
             Quit the game on level 1 of the Dungeon.
             The game lasted 00:01:59 (467 turns).

Ahpoh the Changeling (Octopode Shapeshifter)         Turns: 467, Time: 00:02:00

Health: 18/18      AC:  1    Str: 13    XL:     2   Next: 50%
Magic:  2/2        EV: 13    Int: 12    God:
Gold:   75         SH:  0    Dex: 11    Spells: 1/1 levels left

rFire   . .          .
                       - Unarmed
rCold   . . .        (no shield)
rNeg    . . .        (helmet currently unavailable)
rPois   .            (no amulet)
rElec   .            (no ring)
rCorr   .            (no ring)
SInv    .            (no ring)
Will    .....        (no ring)
Stlth   ++           (no ring)
HPRegen 0.23/turn    (no ring)
MPRegen 0.08/turn    (no ring)
                     (no ring)

%: no passive effects
@: beast-form
A: beast (slay +2), almost no armour, amphibious, 8 rings, camouflage 1,
gelatinous body 1, (nimble swimmer 1), tentacles
a: Begin Untransformation


You were on level 1 of the Dungeon.
You were a hulking beast.
You visited 1 branch of the dungeon, and saw 1 of its levels.

You collected 75 gold pieces.

Inventory:

Talismans
 b - a beast talisman (active)
 c - a flux talisman
Scrolls
 d - a scroll of butterflies {unknown}
Potions
 a - a potion of lignification


   Skills:
 * Level 1.0 Fighting
 * Level 2.0 Dodging
 - Level 0.2 Stealth
 + Level 3.0 Unarmed Combat
 * Level 3.5 Shapeshifting


You had one spell level left.
You didn't know any spells.
Your spell library was empty.

Dungeon Overview and Level Annotations

Branches:
Dungeon (1/15)

Altars:


Innate Abilities, Weirdness & Mutations

You are a hulking beast.
Your limbs bulge with bestial killing power. (Slay +2)
You cannot wear most types of armour.
You are amphibious.
You can wear up to eight rings at the same time.
Your skin changes colour to match your surroundings (Stealth+).
Your rubbery body absorbs attacks. (AC +1, EV +1)
((You are camouflaged when in or above water. (Stealth+)))
You have tentacles for arms and can constrict up to eight enemies at once.


Message History

The kobold barely misses you.
You tentacle-slap the kobold. You grab the kobold.
The kobold is severely wounded.
You constrict the kobold, but do no damage.
The kobold misses you.
You tentacle-slap the kobold.
You kill the kobold!
Found a stone staircase leading down.
A bat comes into view.
The bat misses you.
You tentacle-slap the bat. You grab the bat.
The bat is heavily wounded.
You constrict the bat.
You kill the bat!
A hobgoblin comes into view.
You see here a bat corpse.
The hobgoblin shouts!
You hear a shout!
A goblin comes into view. It is wielding a +0 club.
You bludgeon the hobgoblin!
You kill the hobgoblin!
You see here a hobgoblin corpse.
The goblin closely misses you.
You tentacle-slap the goblin.
You kill the goblin!
You see here a +0 club.
You now have 57 gold pieces (gained 13).
You open the door.
Found 6 stones.
There is an open door here.
A quokka comes into view.
Found 18 gold pieces.
You tentacle-slap the quokka. You grab the quokka.
The quokka is almost dead.
You constrict the quokka, but do no damage.
The quokka bites you but does no damage.
You tentacle-slap the quokka.
You kill the quokka!
You see here a quokka corpse.
You now have 75 gold pieces (gained 18).
Are you sure you want to abandon this character and quit the game? (Confirm with "yes".)

......# #.†#..####.# .....#####
######..#....)... .†........
.................
...#.#################..###......
...........##......#.#...#.......
#..#.#####.##.####.#)##..#.#.....
#.†#..........# #.#.....#.#.###.
......#####..#####.#....##.#.# #.
##.##.#.........h.......##.#.# #.
..........)........###.###.#.# #.
....#...########...#.#.###.#.# #.
######### #.#.#.......#.# #.
...... #.#.#.#.......# #. .####
#.#.#.....#######† .#
#.#.......#....... ## #.
#.#.#.....#....... #.###
#.#.......#.......


There were no monsters in sight!

Vanquished Creatures
  A giant cockroach (D:1)
  2 goblins (D:1)
  2 hobgoblins (D:1)
  3 kobolds (D:1)
  A quokka (D:1)
  A ball python (D:1)
  2 bats (D:1)
  2 rats (D:1)
14 creatures vanquished.

Notes
Turn   | Place    | Note
-------+----------+-------------------------------------------
     0 | D:1      | Ahpoh the Octopode Shapeshifter began the quest for the
                  | Orb.
     0 | D:1      | Reached XP level 1. HP: 13/13 MP: 1/1
   281 | D:1      | Reached XP level 2. HP: 18/18 MP: 2/2
   467 | D:1      | Quit the game

Illustrated notes

Levels and vault maps discovered:
D:1:      minmay_arrival_wavy_path, layout_basic

Action                     || total
---------------------------++-------
  Melee: Unarmed           ||    19
         Constrict         ||     8
         Punch             ||     1
         Tentacles         ||     1
   Stab: Sleeping          ||     3
 Armour: Skin              ||     2
  Dodge: Dodged            ||     8
   Form: Beast             ||     1

Table legend: (Time is in decaauts)
 A = Elapsed time spent in this place.
 B = Non-inter-level travel time spent in this place.
 C = Inter-level travel time spent in this place.
 D = Time resting spent in this place.
 E = Time spent auto-exploring this place.
 F = Levels seen in this place.
 G = Mean time per level.
                   A        B        C        D        E       F      G
               +--------+--------+--------+--------+--------+-----+--------+
         Total |    466 |    466 |      0 |      0 |    330 |   1 |  466.0 |
       Dungeon |    466 |    466 |      0 |      0 |    330 |   1 |  466.0 |
               +--------+--------+--------+--------+--------+-----+--------+

Top non-repeatable levels by time:
     D:1: 466 daAuts
